 Dungeon Crawl Stone Soup version 0.24.1-8-ga250c9d538 (webtiles) character file.

Game seed: 8850786487536911986, levelgen mode: deterministic

232096 Peloso the Blocker (level 19, 0/151 HPs)
             Began as a Gnoll Fighter on May 6, 2020.
             Was the Champion of Okawaru.
             Succumbed to a nagaraja's poison arrow
             ... on level 3 of the Snake Pit on May 7, 2020.
             The game lasted 02:28:14 (51465 turns).

Peloso the Blocker (Gnoll Fighter)                 Turns: 51465, Time: 02:28:15

Health: 0/151      AC: 29    Str: 34    XL:     19   Next: 53%
Magic:  44/44      EV: 17    Int: 14    God:    Okawaru [******]
Gold:   691        SH: 27    Dex: 21    Spells: 43/43 levels left

rFire    . . .     SeeInvis +   a - +4 scimitar (venom)
rCold    . . .     Gourm    .   c - +5 large shield "Hoizam" {MP+9 Int+4 Stlth+}
rNeg     . . .     Faith    +   k - +5 swamp dragon scales
rPois    +         Spirit   .   V - +2 hat of Bad Feelings {MR+}
rElec    +         Reflect  .   t - +2 cloak
rCorr    .         Harm     .   X - +2 pair of gloves {Str+3}
MR       ++++.                  h - +2 pair of boots
Stlth    ++++++....             G - amulet of Loura {Faith MR+ Str+4 Slay+3 SInv}
HPRegen  0.35/turn              H - ring "Naqas" {rElec Dex+6 Slay+3 SInv}
MPRegen  0.29/turn              p - ring of protection from magic

@: lethally poisoned (0 -> -7), constricted
A: distributed training, fangs 1, hooves 1, mutation resistance 1, strong nose
}: 1/15 runes: decaying
a: Heroism, Finesse, Renounce Religion


You were on level 3 of the Snake Pit.
You worshipped Okawaru.
Okawaru was exalted by your worship.
You were near starving.

You visited 6 branches of the dungeon, and saw 33 of its levels.
You visited 1 bazaar.
You also visited: Gauntlet and Ice Cave.

You collected 3483 gold pieces.
You spent 2792 gold pieces at shops.

Inventory:

Hand Weapons
 a - a +4 scimitar of venom (weapon)
 b - a +2 hand axe of flaming
Armour
 c - the +5 large shield "Hoizam" (worn) {MP+9 Int+4 Stlth+}
   (You took it off a minotaur in a Gauntlet)

   It affects your intelligence (+4).
   It affects your magic capacity (+9).
   It makes you more stealthy.
 h - a +2 pair of boots (worn)
 k - +5 swamp dragon scales (worn)
 t - a +2 cloak (worn)
 w - the +3 plate armour of Puyruim {rN+ Str+4}
   (Okawaru gifted it to you on level 4 of the Snake Pit)

   It affects your strength (+4).
   It protects you from negative energy.
 I - a +2 crystal plate armour
 V - the +2 hat of Bad Feelings (worn) {MR+}
   (You found it in a Gauntlet)

   It affects your resistance to hostile enchantments.
 X - a +2 pair of gloves of strength (worn)
Jewellery
 i - an uncursed ring of resist corrosion
 p - a ring of protection from magic (right hand)
 v - an uncursed ring of protection from cold
 G - the amulet of Loura (around neck) {Faith MR+ Str+4 Slay+3 SInv}
   (You bought it in a shop in a bazaar)

   [amulet of faith]

   It allows you to gain divine favour quickly.
   It affects your strength (+4).
   It affects your accuracy and damage with ranged weapons and melee attacks
   (+3).
   It affects your resistance to hostile enchantments.
   It lets you see invisible.
 H - the ring "Naqas" (left hand) {rElec Dex+6 Slay+3 SInv}
   (You bought it in a shop in a bazaar)

   [ring of slaying]

   It affects your dexterity (+6).
   It affects your accuracy and damage with ranged weapons and melee attacks
   (+3).
   It insulates you from electricity.
   It lets you see invisible.
 J - an uncursed amulet of the gourmand
 S - an uncursed ring of protection from cold
Wands
 e - a wand of digging (8)
 u - a wand of scattershot (4)
Scrolls
 g - 4 scrolls of remove curse
 j - 6 scrolls of teleportation
 l - 4 scrolls of blinking
 m - a scroll of enchant armour
 n - 2 scrolls of identify
 s - 4 scrolls of fear
 T - 2 scrolls of noise
Potions
 d - 2 potions of might
 o - 2 potions of resistance
 q - a potion of haste
 r - 3 potions of agility
 z - a potion of berserk rage
 A - 9 potions of curing
 D - a potion of flight
Comestibles
 f - 55 rations


   Skills:
 + Level 13.9 Fighting
 + Level 12.6 Short Blades
 + Level 13.3 Long Blades
 + Level 12.6 Axes
 + Level 12.6 Maces & Flails
 + Level 12.6 Polearms
 + Level 12.6 Staves
 + Level 12.6 Slings
 + Level 12.6 Bows
 + Level 12.6 Crossbows
 + Level 12.6 Throwing
 + Level 13.9 Armour
 + Level 12.6 Dodging
 + Level 12.6 Stealth
 + Level 13.9 Shields
 + Level 12.6 Unarmed Combat
 + Level 12.6 Spellcasting
 + Level 10.9 Conjurations
 + Level 10.9 Hexes
 + Level 10.9 Charms
 + Level 10.9 Summonings
 + Level 10.9 Necromancy
 + Level 10.9 Translocations
 + Level 10.9 Transmutations
 + Level 10.9 Fire Magic
 + Level 10.9 Ice Magic
 + Level 10.9 Air Magic
 + Level 10.9 Earth Magic
 + Level 10.9 Poison Magic
 + Level 13.6 Invocations
 + Level 12.6 Evocations


You had 43 spell levels left.
You didn't know any spells.
Your spell library contained the following spells:

 Spells                   Type           Power        Failure   Level  Hunger
 Animate Skeleton         Necr           N/A          1%          1    None
 Apportation              Tloc           #####.       1%          1    None
 Beastly Appendage        Tmut           #####.       1%          1    None
 Confusing Touch          Hex            #####.       1%          1    None
 Flame Tongue             Conj/Fire      #####        1%          1    None
 Summon Butterflies       Summ           #####...     1%          1    None
 Summon Small Mammal      Summ           ####         1%          1    None
 Blink                    Tloc           N/A          1%          2    None
 Call Imp                 Summ           #####...     1%          2    None
 Shroud of Golubria       Chrm/Tloc      #####.       1%          2    None
 Sticks to Snakes         Tmut           #####...     1%          2    None
 Sublimation of Blood     Necr           #####.....   1%          2    None
 Throw Flame              Conj/Fire      #####.       1%          2    None
 Call Canine Familiar     Summ           #####...     1%          3    None
 Confuse                  Hex            #####...     1%          3    None
 Conjure Flame            Conj/Fire      #####...     1%          3    None
 Dazzling Spray           Conj/Hex       #####.       1%          3    None
 Gell's Gravitas          Tloc           #####.....   1%          3    None
 Ignite Poison            Fire/Tmut/Pois #####...     1%          3    None
 Inner Flame              Hex/Fire       #####...     1%          3    None
 Lesser Beckoning         Tloc           #####.....   1%          3    None
 Mephitic Cloud           Conj/Pois/Air  #####...     1%          3    None
 Recall                   Summ/Tloc      N/A          1%          3    None
 Spider Form              Tmut/Pois      #####.....   1%          3    None
 Static Discharge         Conj/Air       #####...     1%          3    None
 Summon Guardian Golem    Hex/Summ       #####...     1%          3    None
 Teleport Other           Tloc           #####...     1%          3    None
 Tukima's Dance           Hex            #####...     1%          3    None
 Ice Form                 Ice/Tmut       #####...     4%          4    ###....
 Passage of Golubria      Tloc           N/A          4%          4    ###....
 Petrify                  Tmut/Erth      #####...     4%          4    ###....
 Sticky Flame             Conj/Fire      #####...     4%          4    ###....
 Summon Ice Beast         Ice/Summ       #####...     4%          4    ###....
 Summon Lightning Spire   Summ/Air       #####...     4%          4    ###....
 Alistair's Intoxication  Tmut/Pois      #####...     13%         5    #####..
 Blade Hands              Tmut           #####.....   13%         5    #####..
 Bolt of Magma            Conj/Fire/Erth #####.....   13%         5    #####..
 Fireball                 Conj/Fire      #####.....   13%         5    #####..
 Irradiate                Conj/Tmut      #####.....   13%         5    #####..
 Iskenderun's Battlesphe  Conj/Chrm      #####...     13%         5    #####..
 Metabolic Englaciation   Hex/Ice        #####.....   13%         5    #####..
 Yara's Violent Unravell  Hex/Tmut       #####.....   13%         5    #####..
 Invisibility             Hex            #####...     58%         6    ######.
 Malign Gateway           Summ/Tloc      #####.....   99%         7    #######


Dungeon Overview and Level Annotations

Branches:
Dungeon (15/15) Temple (0/1) D:7 Lair (6/6) D:8 Swamp (4/4) Lair:3 Snake (4/4) Lair:2 Slime (0/5) Lair:5 Orc (2/2) D:12 Elf (2/3) Orc:2 Vaults (0/5) D:12 D:13 Depths (0/5) D:15 IceCv (visited) Gauntlet (visited)

Altars:
Cheibriados
Dithmenos
Elyvilon
Gozag
Hepliaklqana
Kikubaaqudgha
Okawaru
Qazlal
Ru
Sif Muna
Trog
Uskayaw
Wu Jian
Xom
Zin
The Shining One
Beogh
Jiyva

Shops:
D:8 :}*}   D:10 ?   Orc:2 %(**   Elf:1 !   Snake:3 =[(   Snake:4 !


Innate Abilities, Weirdness & Mutations

Your experience applies equally to all skills.
You have very sharp teeth.
Your uncanny sense of smell can sniff out nearby items.
You have large cloven feet.
You are somewhat resistant to further mutation.


Message History

You slash the nagaraja! You bite the nagaraja!
The nagaraja is heavily wounded.
You block the nagaraja's attack. The nagaraja grabs you.
* * * LOW HITPOINT WARNING * * *
The nagaraja constricts you.
Unknown command.
You hit the nagaraja.
The nagaraja is severely wounded.
The nagaraja hits you with a +0 club!!
* * * LOW HITPOINT WARNING * * *
The nagaraja constricts you.
The nagaraja points at you and mumbles some strange words.
The poison arrow hits you!
You are more poisoned.
You partially resist.
* * * LOW HITPOINT WARNING * * *
The nagaraja constricts you.
You slash the nagaraja!
The nagaraja looks as sick as possible!
The nagaraja is almost dead.
You die...

#### ### ##..## ##.#
###....## #.####.#.....##
#.##..###....<##### ###
#....########...#.. #.##
##.......####..##.##
##..#####..N..........###...
#.##...#.##@..........# #...
#######..##.[.........# #...
#....#.........## ##..
##.....##......## #####
###........##..######.##
##.......#.....#####....##
#.........##..##.#...##.##
#.........##.####...###.#.
#..........#.# ##.## ##..


You could see a nagaraja.

Vanquished Creatures
  the Lernaean hydra (Swamp:4)
  Nikola (Swamp:4)
  Rupert (Orc:2)
  A deep elf blademaster (Elf:2)
  Gastronok (D:11)
  Donald (Snake:2)
  5 nagarajas
  Aizul (Snake:2)
  2 deep elf sorcerers (Elf:1)
  2 very ugly things (IceCv)
  2 deep elf demonologists (Elf:1)
  Nessos (D:13)
  A minotaur (Gauntlet)
  Snorg (D:12)
  A fire dragon (Lair:6)
  12 naga warriors
  27 hydras
  4 anacondas
  The ghost of Voldus the Fighter, a journeyman OpFi of Dithmenos (D:11)
  2 ghost crabs
  2 centaur warriors
  9 alligators
  3 two-headed ogres
  14 dancing weapons
  9 naga sharpshooters
  6 shock serpents
  4 orc high priests
  13 deep elf knights
  Nergalle (Lair:2)
  5 skeletal warriors (D:15)
  2 fire crabs
  A salamander mystic (Snake:4)
  A sea snake (Snake:2)
  7 swamp dragons
  2 unseen horrors
  4 spriggan druids
  A wizard (D:15)
  8 naga ritualists
  6 deep elf archers
  A necromancer (D:15)
  An orc sorcerer (Orc:2)
  4 orc knights
  45 deep elf magi
  3 manticores
  9 mana vipers
  9 ugly things
  25 slime creatures
  6 cyclopes
  9 centaur zombies
  9 elephants
  10 salamanders
  45 black mambas
  5 ice statues (IceCv)
  6 guardian serpents
  3 molten gargoyles (Lair:6)
  11 naga magi
  A gargoyle (D:15)
  A torpor snail (Lair:3)
  11 komodo dragons
  16 spiny frogs
  A yaktaur (shapeshifter) (Elf:2)
  3 anaconda simulacra (IceCv)
  12 tyrant leeches
  A polar bear (Lair:6)
  A queen bee (D:13)
  A jumping spider (shapeshifter) (D:14)
  3 meliai (D:13)
  9 hornets
  A harpy skeleton (D:15)
  8 trolls
  12 bog bodies
  6 blink frogs
  4 dream sheep (Lair:3)
  5 centaur simulacra
  7 hippogriffs
  An air elemental (Elf:1)
  9 spriggans
  A wraith (D:15)
  4 shadows
  3 vampires
  A water elemental (Elf:2)
  4 basilisks
  A tarantella (shapeshifter) (D:14)
  16 humans
  7 wyverns
  49 yaks
  5 fire bats (Gauntlet)
  2 steam dragons (Lair:6)
  4 hungry ghosts
  16 vampire mosquitoes
  3 insubstantial wisps (Swamp:1)
  3 wargs
  An acid dragon (D:11)
  36 nagas
  13 swamp worms
  4 harpy simulacra (IceCv)
  A hydra simulacrum (IceCv)
  An iron troll simulacrum (IceCv)
  10 water moccasins
  6 hell hounds
  8 porcupines
  11 swamp drakes
  13 ice beasts
  4 black bears
  A phantom (D:15)
  3 sky beasts
  8 wolves
  16 ogres
  17 orc warriors
  19 centaurs
  11 crocodiles
  19 bullfrogs
  2 earth elementals (Elf:2)
  A wyvern skeleton (D:10)
  A hornet simulacrum (Gauntlet)
  4 scorpions
  A water moccasin skeleton (D:6)
  24 wights
  34 killer bees
  4 howler monkeys
  2 electric eels (Lair:5)
  7 crimson imps
  3 lava snakes (Lair:6)
  A wyvern simulacrum (D:14)
  8 centaur skeletons
  7 jellies
  19 orc priests
  3 bullfrog skeletons
  3 bullfrog zombies
  8 hounds
  23 orc wizards
  Jessica (D:3)
  7 iguanas
  9 worker ants
  Natasha (thrice) (D:4)
  2 hound skeletons
  A howler monkey zombie (D:5)
  A worker ant zombie (D:10)
  Robin (D:3)
  4 gnolls
  11 adders
  3 shadow imps
  6 worms (D:2)
  2 dart slugs (D:1)
  7 leopard geckos
  52 orcs
  6 giant cockroaches
  18 hobgoblins
  9 jackals
  4 quokkas
  4 ball pythons
  3 bats
  8 frilled lizards
  11 goblins
  5 kobolds
  A leopard gecko skeleton (D:4)
  17 rats
1152 creatures vanquished.

Vanquished Creatures (others)
  A spiny frog (Swamp:1)
  A troll (D:13)
  A hornet (Swamp:2)
  5 dream sheep (D:8)
  A spriggan (Swamp:2)
  A naga (Snake:4)
  A fungus (Gauntlet)
  2 plants
13 creatures vanquished.

Grand Total: 1165 creatures vanquished

Notes
Turn   | Place    | Note
-------+----------+-------------------------------------------
     0 | D:1      | Peloso the Gnoll Fighter began the quest for the Orb.
     0 | D:1      | Reached XP level 1. HP: 23/23 MP: 1/1
   143 | D:1      | Reached XP level 2. HP: 29/29 MP: 2/2
   467 | D:1      | Reached XP level 3. HP: 35/35 MP: 3/3
   643 | D:2      | Found a hide-covered altar of Uskayaw.
   891 | D:2      | Found an iron altar of Okawaru.
   895 | D:2      | Reached skill level 1 in Invocations
   902 | D:2      | Became a worshipper of Warmaster Okawaru
   973 | D:2      | Noticed a moth of wrath
   976 | D:2      | Found a bloodstained altar of Trog.
  1007 | D:2      | Reached skill level 1 in Short Blades
  1007 | D:2      | Reached skill level 1 in Axes
  1007 | D:2      | Reached skill level 1 in Maces & Flails
  1007 | D:2      | Reached skill level 1 in Polearms
  1007 | D:2      | Reached skill level 1 in Staves
  1007 | D:2      | Reached skill level 1 in Slings
  1007 | D:2      | Reached skill level 1 in Bows
  1007 | D:2      | Reached skill level 1 in Crossbows
  1007 | D:2      | Reached skill level 1 in Throwing
  1007 | D:2      | Reached skill level 1 in Dodging
  1007 | D:2      | Reached skill level 1 in Stealth
  1007 | D:2      | Reached skill level 1 in Unarmed Combat
  1007 | D:2      | Reached skill level 1 in Spellcasting
  1007 | D:2      | Reached skill level 1 in Evocations
  1048 | D:2      | Reached XP level 4. HP: 34/41 MP: 5/5
  1536 | D:2      | Reached skill level 1 in Conjurations
  1536 | D:2      | Reached skill level 1 in Hexes
  1536 | D:2      | Reached skill level 1 in Charms
  1536 | D:2      | Reached skill level 1 in Summonings
  1536 | D:2      | Reached skill level 1 in Necromancy
  1536 | D:2      | Reached skill level 1 in Translocations
  1536 | D:2      | Reached skill level 1 in Transmutations
  1536 | D:2      | Reached skill level 1 in Fire Magic
  1536 | D:2      | Reached skill level 1 in Ice Magic
  1536 | D:2      | Reached skill level 1 in Air Magic
  1536 | D:2      | Reached skill level 1 in Earth Magic
  1536 | D:2      | Reached skill level 1 in Poison Magic
  1753 | D:3      | Noticed Jessica
  1761 | D:3      | Killed Jessica
  1761 | D:3      | Reached XP level 5. HP: 47/47 MP: 6/6
  1907 | D:3      | Noticed Robin
  1922 | D:3      | Killed Robin
  2090 | D:3      | Found a white marble altar of Elyvilon.
  2678 | D:4      | Reached * piety under Okawaru
  2678 | D:4      | Reached XP level 6. HP: 53/53 MP: 8/8
  2693 | D:4      | Noticed Natasha
  2711 | D:4      | Killed Natasha
  2726 | D:4      | Noticed Natasha
  2731 | D:4      | Killed Natasha
  2775 | D:4      | Found an opulent altar of Gozag.
  2802 | D:4      | Reached skill level 5 in Long Blades
  2925 | D:4      | Noticed Natasha
  2929 | D:4      | Killed Natasha
  2983 | D:4      | You fall into a shaft and drop 3 floors!
  2983 | D:7      | Found an ancient bone altar of Kikubaaqudgha.
  2983 | D:7      | Noticed a black bear
  3013 | D:7      | Killed a black bear
  3013 | D:7      | Reached XP level 7. HP: 59/59 MP: 10/10
  3384 | D:6      | Paralysed by an orc wizard for 7 turns
  3440 | D:5      | Entered Level 5 of the Dungeon
  3449 | D:5      | Reached ** piety under Okawaru
  3490 | D:5      | Found a shadowy altar of Dithmenos.
  3756 | D:4      | Gained mutation: You have large cloven feet. [potion of
                  | mutation]
  3756 | D:4      | Gained mutation: You are somewhat resistant to further
                  | mutation. [potion of mutation]
  3883 | D:5      | Found a snail-covered altar of Cheibriados.
  3960 | D:5      | Found a sacrificial altar of Ru.
  3966 | D:5      | Reached XP level 8. HP: 64/67 MP: 12/12
  4086 | D:5      | Got a jewelled dagger
  4136 | D:5      | Identified the +5 dagger "Ogreslayer" {pierce, *Contam
                  | Int+4 Dex+2 Stlth+} (You found it on level 5 of the
                  | Dungeon)
  4276 | D:5      | Found a hazy altar of Hepliaklqana.
  4669 | D:6      | Noticed a two-headed ogre
  4685 | D:6      | Killed a two-headed ogre
  4685 | D:6      | Reached *** piety under Okawaru
  4685 | D:6      | Reached XP level 9. HP: 54/73 MP: 14/14
  5174 | D:7      | Reached **** piety under Okawaru
  5237 | D:7      | Reached skill level 5 in Invocations
  5382 | D:7      | Found a staircase to the Ecumenical Temple.
  5485 | D:7      | Found a glowing silver altar of Zin.
  5695 | D:7      | Reached XP level 10. HP: 80/80 MP: 17/17
  5760 | D:7      | Found a shimmering blue altar of Sif Muna.
  6266 | D:8      | Found Bueth's Gadget Boutique.
  6272 | D:8      | Bought a wand of digging (4) for 176 gold pieces
  6356 | D:8      | Found Lageun's Gadget Emporium.
  6379 | D:8      | Found a stormy altar of Qazlal.
  6483 | D:8      | Found a staircase to the Lair.
  6515 | D:8      | Found Ufupn's Book Shoppe.
  6728 | D:8      | Found Bynteon's General Store.
  6750 | D:8      | Reached skill level 5 in Short Blades
  6750 | D:8      | Reached skill level 5 in Axes
  6750 | D:8      | Reached skill level 5 in Maces & Flails
  6750 | D:8      | Reached skill level 5 in Polearms
  6750 | D:8      | Reached skill level 5 in Staves
  6750 | D:8      | Reached skill level 5 in Slings
  6750 | D:8      | Reached skill level 5 in Bows
  6750 | D:8      | Reached skill level 5 in Crossbows
  6750 | D:8      | Reached skill level 5 in Throwing
  6750 | D:8      | Reached skill level 5 in Dodging
  6750 | D:8      | Reached skill level 5 in Stealth
  6750 | D:8      | Reached skill level 5 in Unarmed Combat
  6750 | D:8      | Reached skill level 5 in Spellcasting
  6750 | D:8      | Reached skill level 5 in Evocations
  6757 | D:8      | Identified Sif Muna's Volume of Heat
  6889 | D:8      | Found a shimmering altar of Xom.
  7157 | D:9      | Found a glowing golden altar of the Shining One.
  7354 | D:9      | Reached ***** piety under Okawaru
  7483 | D:9      | Got a translucent ring mail
  7495 | D:9      | Identified the cursed +0 ring mail "Petefum" {+Fly Int+4}
                  | (You found it on level 9 of the Dungeon)
  7623 | D:9      | Found an ornate altar of the Wu Jian Council.
  8094 | D:10     | Entered Level 10 of the Dungeon
  8367 | D:10     | Found an iron altar of Okawaru.
  8403 | D:10     | Received a gift from Okawaru
  8559 | D:10     | Found a white marble altar of Elyvilon.
  8658 | D:10     | Found Selux's Magic Scroll Shop.
  8855 | D:10     | Received a gift from Okawaru
  8975 | D:10     | Reached XP level 11. HP: 86/87 MP: 19/19
  9303 | D:11     | Received a gift from Okawaru
  9303 | D:11     | Reached skill level 5 in Conjurations
  9303 | D:11     | Reached skill level 5 in Hexes
  9303 | D:11     | Reached skill level 5 in Charms
  9303 | D:11     | Reached skill level 5 in Summonings
  9303 | D:11     | Reached skill level 5 in Necromancy
  9303 | D:11     | Reached skill level 5 in Translocations
  9303 | D:11     | Reached skill level 5 in Transmutations
  9303 | D:11     | Reached skill level 5 in Fire Magic
  9303 | D:11     | Reached skill level 5 in Ice Magic
  9303 | D:11     | Reached skill level 5 in Air Magic
  9303 | D:11     | Reached skill level 5 in Earth Magic
  9303 | D:11     | Reached skill level 5 in Poison Magic
  9523 | D:11     | Noticed Voldus's ghost (journeyman OpFi)
  9531 | D:11     | Found a runed translucent door.
  9682 | D:11     | Received a gift from Okawaru
  9786 | D:11     | Noticed Gastronok
  9805 | D:11     | Killed Gastronok
 10461 | Lair:1   | Entered Level 1 of the Lair of Beasts
 10475 | Lair:1   | Received a gift from Okawaru
 10594 | Lair:1   | Reached XP level 12. HP: 21/96 MP: 16/22
 11459 | Lair:1   | Received a gift from Okawaru
 11519 | Lair:1   | Noticed a four-headed hydra
 11524 | Lair:1   | Killed a four-headed hydra
 11524 | Lair:1   | Reached ****** piety under Okawaru
 12390 | Lair:2   | Noticed Nergalle
 12549 | Lair:2   | Killed Nergalle
 12906 | Lair:2   | Received a gift from Okawaru
 12951 | Lair:2   | Found a staircase to the Snake Pit.
 13649 | Lair:2   | Got a twisted hunting sling
 14165 | Lair:2   | Received a gift from Okawaru
 14707 | Lair:3   | Found a staircase to the Swamp.
 14731 | Lair:3   | Reached skill level 10 in Fighting
 14731 | Lair:3   | Reached skill level 10 in Armour
 14731 | Lair:3   | Reached skill level 10 in Shields
 15964 | D:12     | Reached XP level 13. HP: 78/103 MP: 18/24
 16047 | D:12     | Found a gate leading to a gauntlet.
 16066 | Gauntlet | Entered a Gauntlet
 16066 | Gauntlet | Found a transporter.
 16069 | Gauntlet | Found a transporter.
 16071 | Gauntlet | Found a transporter.
 16086 | Gauntlet | Found a transporter.
 16088 | Gauntlet | Found a transporter.
 16099 | Gauntlet | Found a runed translucent door.
 16102 | Gauntlet | Found a transporter.
 16118 | Gauntlet | Found a transporter.
 16121 | Gauntlet | Noticed a balrug
 16128 | Gauntlet | Found a transporter.
 16138 | Gauntlet | Found a transporter.
 16152 | Gauntlet | Found a transporter.
 16161 | Gauntlet | Found a transporter.
 16166 | Gauntlet | Found a transporter.
 16246 | Gauntlet | Found a transporter.
 16272 | Gauntlet | Found a transporter.
 16730 | Gauntlet | Got a jewelled hat
 16741 | Gauntlet | Identified the +2 hat of Bad Feelings {MR+} (You found it
                  | in a Gauntlet)
 17261 | Gauntlet | Identified the +6 war axe "Hetweilar" {chop, Int+4}
 17261 | Gauntlet | Identified the +5 large shield "Hoizam" {MP+9 Int+4 Stlth+}
 17261 | Gauntlet | Noticed a minotaur
 17284 | Gauntlet | Killed a minotaur
 17284 | Gauntlet | Received a gift from Okawaru
 17295 | Gauntlet | Identified the Handbook of the Virous Voyage
 17315 | Gauntlet | Got a polished ring mail {god gift}
 17316 | Gauntlet | Identified the +1 ring mail "Iquykk" {Dex+4} (Okawaru
                  | gifted it to you in a Gauntlet)
 17362 | Gauntlet | Got a pitted hand axe
 17447 | D:12     | Noticed Snorg
 17465 | D:12     | Killed Snorg
 17853 | D:12     | Found a staircase to the Orcish Mines.
 18099 | D:12     | Got a fine copper ring
 18101 | D:12     | Identified the ring of Reciowk {*Tele rElec rC++} (You
                  | found it on level 12 of the Dungeon)
 18185 | Orc:1    | Entered Level 1 of the Orcish Mines
 18340 | D:12     | Identified the +7 hand axe "Gaamm" {pain, rPois rF+ rN+}
                  | (You found it in a Gauntlet)
 18341 | D:12     | Identified the +9 hunting sling "Ykuucedgh" {velocity, +Fly
                  | MR++ SInv Stlth-} (You found it on level 2 of the Lair of
                  | Beasts)
 18872 | D:13     | Found a gate to the Vaults.
 18872 | D:13     | Noticed Nessos
 19752 | Orc:2    | Entered Level 2 of the Orcish Mines
 20643 | Orc:2    | Found Zutebac's Food Emporium.
 20645 | Orc:2    | Found Aduf's General Store.
 20649 | Orc:2    | Found Keydi's Assorted Antiques.
 20666 | Orc:2    | Found Akeonkar's Antique Weapon Emporium.
 21103 | Orc:1    | Reached XP level 14. HP: 103/111 MP: 26/26
 21197 | Orc:2    | Found a roughly hewn altar of Beogh.
 21198 | Orc:2    | Found a staircase to the Elven Halls.
 21201 | Orc:2    | Noticed Rupert
 21207 | Orc:2    | Paralysed by Rupert for 7 turns
 21763 | Orc:2    | Killed Rupert
 21763 | Orc:2    | Received a gift from Okawaru
 21763 | Orc:2    | Reached skill level 10 in Long Blades
 22030 | D:13     | Killed Nessos
 22839 | D:13     | Received a gift from Okawaru
 22941 | D:13     | Received a gift from Okawaru
 23019 | D:13     | Reached skill level 10 in Invocations
 23052 | D:13     | HP: 3/113 [meliai/divine providence (8)]
 23862 | D:14     | Received a gift from Okawaru
 24302 | D:14     | Received a gift from Okawaru
 24747 | D:15     | Entered Level 15 of the Dungeon
 25139 | D:14     | Received a gift from Okawaru
 25139 | D:14     | Reached XP level 15. HP: 108/119 MP: 28/28
 25789 | D:15     | Found a staircase to the Depths.
 26087 | D:15     | Received a gift from Okawaru
 26748 | D:15     | Received a gift from Okawaru
 27185 | Lair:4   | Identified the Volume of Talismans
 27713 | Lair:4   | Reached skill level 10 in Short Blades
 27713 | Lair:4   | Reached skill level 10 in Axes
 27713 | Lair:4   | Reached skill level 10 in Maces & Flails
 27713 | Lair:4   | Reached skill level 10 in Polearms
 27713 | Lair:4   | Reached skill level 10 in Staves
 27713 | Lair:4   | Reached skill level 10 in Slings
 27713 | Lair:4   | Reached skill level 10 in Bows
 27713 | Lair:4   | Reached skill level 10 in Crossbows
 27713 | Lair:4   | Reached skill level 10 in Throwing
 27713 | Lair:4   | Reached skill level 10 in Dodging
 27713 | Lair:4   | Reached skill level 10 in Stealth
 27713 | Lair:4   | Reached skill level 10 in Unarmed Combat
 27713 | Lair:4   | Reached skill level 10 in Spellcasting
 27713 | Lair:4   | Reached skill level 10 in Evocations
 28826 | Lair:5   | Found a viscous altar of Jiyva.
 28826 | Lair:5   | Found a staircase to the Slime Pits.
 28993 | Lair:6   | Entered Level 6 of the Lair of Beasts
 29327 | Lair:6   | Received a gift from Okawaru
 29662 | Lair:6   | Found a large runed translucent door.
 29670 | Lair:6   | Found a large runed translucent door.
 30397 | Lair:6   | Reached XP level 16. HP: 114/127 MP: 30/30
 31202 | D:12     | Identified a scroll of acquirement
 31864 | D:10     | Bought a scroll of identify for 28 gold pieces
 31983 | D:11     | Killed Voldus's ghost
 32318 | Swamp:1  | Entered Level 1 of the Swamp
 34743 | Swamp:2  | Received a gift from Okawaru
 37355 | D:10     | Bought a scroll of enchant armour for 105 gold pieces
 37355 | D:10     | Bought a scroll of enchant armour for 105 gold pieces
 37493 | Snake:1  | Entered Level 1 of the Snake Pit
 38487 | Snake:2  | Reached XP level 17. HP: 106/135 MP: 32/32
 38552 | Snake:2  | Found a flickering gateway to a bazaar.
 38561 | Bazaar   | Entered a bazaar
 38565 | Bazaar   | Found Elefih's Jewellery Boutique.
 38585 | Bazaar   | Found Pauxtit's Antique Armour Shoppe.
 38603 | Bazaar   | Found Gekhy's Assorted Antiques.
 38620 | Bazaar   | Found Honigel's Antique Weapon Emporium.
 38645 | Bazaar   | Bought the amulet of Loura {Faith MR+ Str+4 Slay+3 SInv}
                  | for 1089 gold pieces
 38653 | Bazaar   | Bought the ring "Naqas" {rElec Dex+6 Slay+3 SInv} for 1061
                  | gold pieces
 38671 | Bazaar   | Bought a heavily runed helmet for 228 gold pieces
 38683 | Bazaar   | Identified the +2 helmet of Death's Door {rPois rF- rN+
                  | Dex+4} (You bought it in a shop in a bazaar)
 38895 | Snake:2  | Noticed Aizul
 38909 | Snake:2  | Killed Aizul
 39075 | Snake:2  | Noticed Donald
 39097 | Snake:2  | Killed Donald
 40145 | Elf:1    | Entered Level 1 of the Elven Halls
 40180 | Elf:1    | Received a gift from Okawaru
 40286 | Elf:1    | Found Dolafe's Distillery.
 40344 | Elf:1    | Found a frozen archway.
 40374 | IceCv    | Entered an ice cave
 41621 | IceCv    | Received a gift from Okawaru
 41906 | Elf:1    | Received a gift from Okawaru
 42002 | Elf:1    | Identified the Incunabulum of Battle Magic
 42147 | Elf:1    | Received a gift from Okawaru
 42300 | Elf:1    | You fall into a shaft and drop 1 floor!
 42362 | Elf:2    | Received a gift from Okawaru
 42510 | Elf:2    | Received a gift from Okawaru
 42553 | Elf:2    | Found a runed translucent gate.
 42553 | Elf:2    | Found a runed translucent gate.
 42553 | Elf:2    | Found a runed translucent gate.
 42627 | Elf:2    | Received a gift from Okawaru
 42637 | Elf:2    | Reached skill level 10 in Conjurations
 42637 | Elf:2    | Reached skill level 10 in Hexes
 42637 | Elf:2    | Reached skill level 10 in Charms
 42637 | Elf:2    | Reached skill level 10 in Summonings
 42637 | Elf:2    | Reached skill level 10 in Necromancy
 42637 | Elf:2    | Reached skill level 10 in Translocations
 42637 | Elf:2    | Reached skill level 10 in Transmutations
 42637 | Elf:2    | Reached skill level 10 in Fire Magic
 42637 | Elf:2    | Reached skill level 10 in Ice Magic
 42637 | Elf:2    | Reached skill level 10 in Air Magic
 42637 | Elf:2    | Reached skill level 10 in Earth Magic
 42637 | Elf:2    | Reached skill level 10 in Poison Magic
 42884 | Elf:2    | Reached XP level 18. HP: 143/143 MP: 33/33
 42903 | Elf:2    | Noticed a deep elf blademaster
 42928 | Elf:2    | Killed a deep elf blademaster
 42932 | Elf:2    | Received a gift from Okawaru
 43388 | Elf:2    | Received a gift from Okawaru
 43945 | Elf:1    | Received a gift from Okawaru
 44603 | Swamp:4  | Entered Level 4 of the Swamp
 44758 | Swamp:4  | Received a gift from Okawaru
 44861 | Swamp:4  | Identified the +0 pair of gloves of the Rose {MR+}
 44861 | Swamp:4  | Noticed Nikola
 44888 | Swamp:4  | Killed Nikola
 44923 | Swamp:4  | Received a gift from Okawaru
 44937 | Swamp:4  | Received a gift from Okawaru
 45039 | Swamp:4  | Received a gift from Okawaru
 45049 | Swamp:4  | Got a distressingly furry ring mail {god gift}
 45050 | Swamp:4  | Identified the +1 ring mail "Loutuoma" {rC- Regen+ Str+5
                  | Int+4} (Okawaru gifted it to you on level 4 of the Swamp)
 45176 | Swamp:4  | Noticed the 27-headed Lernaean hydra
 45654 | Swamp:4  | Killed the 22-headed Lernaean hydra
 46032 | Swamp:4  | Got an encrusted cloak
 46043 | Swamp:4  | Identified the +0 cloak "Tazo" {rElec MR- Regen+} (You
                  | found it on level 4 of the Swamp)
 46074 | Swamp:4  | Got a decaying rune of Zot
 47185 | Snake:3  | Found Uveun's Jewellery Shop.
 47188 | Snake:3  | Found Kaptaer's Armour Boutique.
 47190 | Snake:3  | Found Aluij's Weapon Shop.
 47284 | Snake:3  | Received a gift from Okawaru
 47492 | Snake:3  | Reached XP level 19. HP: 115/151 MP: 35/35
 48199 | Snake:4  | Entered Level 4 of the Snake Pit
 48337 | Snake:4  | Found Ykhiall's Distillery.
 49231 | Snake:4  | Received a gift from Okawaru
 49245 | Snake:4  | Got a polished plate armour {god gift}
 49263 | Snake:3  | Identified the +3 plate armour of Puyruim {rN+ Str+4}
                  | (Okawaru gifted it to you on level 4 of the Snake Pit)
 51464 | Snake:3  | HP: 1/151 [nagaraja/poison arrow (8)]
 51465 | Snake:3  | Succumbed to a nagaraja's poison arrow

Levels and vault maps discovered:
D:1:      lemuel_arrival_room, layout_loops_cross, minmay_misc_feat_square
D:2:      layout_loops_ring, lemuel_round_altar, tgw_trog, lemuel_round_altar,
          first_ration, minmay_ruptured
D:3:      layout_loops_corners, old_standard_altar, uniq_jessica, uniq_robin
D:4:      layout_basic, nicolae_overflow_crystal_walls, minmay_goblin_outpost,
          uniq_natasha
D:5:      layout_basic, lemuel_doored_altar,
          nicolae_ru_great_annihilating_truth, basic_altar,
          nicolae_dithmenos_through_a_glass_darkly
D:6:      layout_basic
D:7:      layout_loops_ring, led_sif_book, zin_treasury,
          kiku_gazebo_pond_becter, minmay_temple_entry_trees,
          chequers_serial_rivers_room_b, grunt_ogre_cave
D:8:      layout_loops_ring, grunt_qazlal_clouds, lair_entry_dummy,
          serial_shops, kennysheep_little_box, shop, nicolae_shop_trees, shop,
          kb_xom_exploding_sheep
D:9:      layout_layer_cave, old_standard_altar, kennysheep_mini
D:10:     layout_cave_pools, basic_altar, serial_shops, shop, serial_glass,
          glass_columns_b, glass_columns_c, okawaru_trees_1
D:11:     layout_loops_ring, hellmonk_ghost_happy_afterlife, uniq_gastronok
D:12:     layout_big_octagon, orc_0_dummy, gauntlet_entry_generic, uniq_snorg
D:13:     layout_loops_corners, david_vaults_3, special_room [special_room_bee],
          minmay_misc_feat_alley, uniq_nessos
D:14:     layout_small_grid, nrook_mini_vaults
D:15:     grunt_enter_depths_magical_seal, layout_cave_pods
Lair:1:   layout_cave_shapes, serial_rivers, chequers_serial_rivers_micro_d,
          chequers_serial_rivers_marsh, chequers_serial_rivers_room_a,
          chequers_serial_rivers_large_a, chequers_serial_rivers_marsh,
          chequers_serial_rivers_room_b
Lair:2:   layout_chaotic_city, minmay_snake_entry_guardpost_medium,
          lemuel_fruit_tree, uniq_nergalle
Lair:3:   layout_concentric_octagons, swamp_mist, grunt_megastairs_1
Lair:4:   layout_cave_pods, eino_small_chamber_without_monster
Lair:5:   layout_roguey, dpeg_slime_entry_enclosed_altar, serial_bayou_ford_a,
          serial_bayou_crossing
Lair:6:   cheibrodos_lair_end_hotspot, layout_gridlike
Swamp:1:  layout_basic_swamp, evilmike_swamp_ruin_house_5,
          nicolae_swamp_round_clearing, infiniplex_staircase_pool_2
Swamp:2:  layout_basic_swamp, evilmike_swamp_ruin_house_3,
          hangedman_swamp_blocks
Swamp:3:  layout_basic_swamp, evilmike_swamp_ruin_rubble_1, swamp_pool3
Swamp:4:  swamp_basic_johnstein, layout_basic_swamp, uniq_nikola
Snake:1:  layout_cave_shapes
Snake:2:  layout_layer_cave, serial_shops, bzr_entry_dummy, serial_bayou_pond_a,
          grunt_ministairs_1, serial_bayou_pond_a, drop_trap, uniq_aizul,
          uniq_donald
Snake:3:  layout_chambers, minmay_shop_star
Snake:4:  johnstein_snake_rune_scales, layout_cave_town, serial_shops, shop,
          minmay_shoptagon
Orc:1:    layout_caves
Orc:2:    st_orc_mages, layout_caves, basic_altar, uniq_rupert
Elf:1:    eino_elf_arrival_customs, layout_loops_corners, serial_shops, shop,
          portal_ice_cave_entry_pillars_three, minmay_elf_sorcery, minivault_5
Elf:2:    layout_geoelf_grid, lemuel_elevator

Skill      XL: |  1  2  3  4  5  6  7  8  9 10 11 12 13 14 15 16 17 18 |
---------------+-------------------------------------------------------+-----
Invocations    | 1 2 3 4 5 6 7 8 9 10 11 12 13 | 13.6
Short Blades   | 1 2 3 4 5 6 7 8 9 10 11 12 | 12.6
Axes           | 1 2 3 4 5 6 7 8 9 10 11 12 | 12.6
Maces & Flails | 1 2 3 4 5 6 7 8 9 10 11 12 | 12.6
Polearms       | 1 2 3 4 5 6 7 8 9 10 11 12 | 12.6
Staves         | 1 2 3 4 5 6 7 8 9 10 11 12 | 12.6
Slings         | 1 2 3 4 5 6 7 8 9 10 11 12 | 12.6
Bows           | 1 2 3 4 5 6 7 8 9 10 11 12 | 12.6
Crossbows      | 1 2 3 4 5 6 7 8 9 10 11 12 | 12.6
Throwing       | 1 2 3 4 5 6 7 8 9 10 11 12 | 12.6
Dodging        | 1 2 3 4 5 6 7 8 9 10 11 12 | 12.6
Stealth        | 1 2 3 4 5 6 7 8 9 10 11 12 | 12.6
Unarmed Combat | 1 2 3 4 5 6 7 8 9 10 11 12 | 12.6
Spellcasting   | 1 2 3 4 5 6 7 8 9 10 11 12 | 12.6
Evocations     | 1 2 3 4 5 6 7 8 9 10 11 12 | 12.6
Conjurations   | 1 2 3 4 5 6 7 8 9 10 | 10.9
Hexes          | 1 2 3 4 5 6 7 8 9 10 | 10.9
Charms         | 1 2 3 4 5 6 7 8 9 10 | 10.9
Summonings     | 1 2 3 4 5 6 7 8 9 10 | 10.9
Necromancy     | 1 2 3 4 5 6 7 8 9 10 | 10.9
Translocations | 1 2 3 4 5 6 7 8 9 10 | 10.9
Transmutations | 1 2 3 4 5 6 7 8 9 10 | 10.9
Fire Magic     | 1 2 3 4 5 6 7 8 9 10 | 10.9
Ice Magic      | 1 2 3 4 5 6 7 8 9 10 | 10.9
Air Magic      | 1 2 3 4 5 6 7 8 9 10 | 10.9
Earth Magic    | 1 2 3 4 5 6 7 8 9 10 | 10.9
Poison Magic   | 1 2 3 4 5 6 7 8 9 10 | 10.9
Long Blades    | 5 6 7 8 9 10 11 12 13 | 13.3
Fighting       | 7 8 9 10 11 12 13 | 13.9
Armour         | 7 8 9 10 11 12 13 | 13.9
Shields        | 7 8 9 10 11 12 13 | 13.9

Action                   |  1- 3 |  4- 6 |  7- 9 | 10-12 | 13-15 | 16-18 | 19-21 || total
-------------------------+-------+-------+-------+-------+-------+-------+-------++-------
Melee: Long sword        |    89 |   179 |   135 |       |       |       |       ||   403
       Bite              |    10 |    24 |    61 |   257 |   596 |   407 |    88 ||  1443
       Dagger            |       |       |   215 |  1406 |   373 |       |       ||  1994
       Falchion          |       |       |       |       |  2458 |   971 |       ||  3429
       Unarmed           |       |       |       |       |     4 |       |       ||     4
       Hand axe          |       |       |       |       |    67 |   130 |       ||   197
       Scimitar          |       |       |       |       |       |   934 |   363 ||  1297
Invok: Heroism           |       |       |     4 |    18 |    46 |    40 |     1 ||   109
       Finesse           |       |       |       |       |     3 |     2 |       ||     5
Evoke: Wand              |       |       |    18 |    10 |    13 |       |       ||    41
  Use: Potion            |       |     3 |     2 |     2 |     6 |     7 |     2 ||    22
       Scroll            |       |     3 |     2 |     4 |    15 |    23 |     1 ||    48
 Stab: Paralysed         |       |       |     1 |       |       |       |       ||     1
       Invisible         |       |       |     2 |       |       |       |       ||     2
       Sleeping          |       |       |       |     2 |       |    33 |     3 ||    38
       Distracted        |       |       |       |       |       |     2 |     1 ||     3
       Confused          |       |       |       |       |       |     1 |       ||     1
  Eat: Chunk             |       |     7 |     9 |    24 |    47 |    37 |     1 ||   125
       Ration            |       |       |       |     3 |     4 |     4 |     3 ||    14
Armor: Scale mail        |    32 |    13 |       |       |       |       |       ||    45
       Chain mail        |       |    87 |   123 |   332 |       |       |       ||   542
       Crystal plate arm |       |       |       |    72 |   841 |    64 |       ||   977
       Swamp dragon scal |       |       |       |       |       |   391 |    84 ||   475
Dodge: Dodged            |    23 |    46 |    78 |   387 |   371 |   741 |   142 ||  1788
Block: Shield            |    66 |   111 |   158 |   694 |    82 |       |       ||  1111
       Large shield      |       |       |       |       |  2911 |  2459 |   588 ||  5958
       Rpst.: Long sword |     8 |    20 |     9 |       |       |       |       ||    37
       Falchion          |       |       |       |       |    72 |    70 |       ||   142
       Scimitar          |       |       |       |       |       |    58 |    19 ||    77
